Workbook

Sheet Como usar
B2: Planilha de fluxo de caixa
B3: Gestor+ · J&G Consultorias · gratuita para usar na sua empresa
B5: Como usar em 4 passos
B6: 1. Na aba Resumo, escreva o ano e o saldo inicial (quanto havia no caixa e no banco no começo do ano).
B7: 2. Na aba Categorias, ajuste a lista de entradas e saídas do jeito da sua empresa.
B8: 3. Na aba Lançamentos, anote cada dinheiro que entra ou sai: data, descrição, categoria, tipo e valor.
B9: Marque "Previsto" para o que ainda vai acontecer (parcelas a receber, contas a pagar) e "Realizado" quando o dinheiro cair ou sair.
B10: 4. Pronto: as abas Resumo e Por categoria se calculam sozinhas, mês a mês.
B12: O que preencher
B13: Células brancas com borda: é aqui que você digita. As faixas azul-marinho e as células cinza têm fórmulas: não precisa mexer.
B14: As linhas de exemplo em Lançamentos (janeiro) mostram o formato. Apague-as quando começar a usar.
B16: Dicas que evitam erro
... B26: WhatsApp (54) 99159-0970 · Instagram @gestor.mais

Sheet Resumo
A1: Resumo do fluxo de caixa
A3: Ano | B3: 2026 | C3: ← escreva o ano
A4: Saldo inicial | B4: 5000 | C4: ← quanto havia no caixa e no banco em 1º de janeiro (exemplo: R$ 5.000)
B5: Realizado | F5: Incluindo o que ainda vai acontecer
A6: Mês | B6: Entradas | C6: Saídas | D6: Resultado do mês | E6: Saldo no fim do mês | F6: Entradas previstas | G6: Saídas previstas | H6: Saldo projetado
A7: Janeiro | B7: =SUMIFS(Lançamentos!$E$2:$E$1001,Lançamentos!$D$2:$D$1001,"Entrada",Lançamentos!$F$2:$F$1001,"Realizado",Lançamentos!$A$2:$A$1001,">="&DATE($B$3,1,1),Lançamentos!$A$2:$A$1001,"<"&DATE($B$3,2,1)) | C7: =SUMIFS(Lançamentos!$E$2:$E$1001,Lançamentos!$D$2:$D$1001,"Saída",Lançamentos!$F$2:$F$1001,"Realizado",Lançamentos!$A$2:$A$1001,">="&DATE($B$3,1,1),Lançamentos!$A$2:$A$1001,"<"&DATE($B$3,2,1)) | D7: =B7-C7 | E7: =$B$4+D7 | F7: =SUMIFS(Lançamentos!$E$2:$E$1001,Lançamentos!$D$2:$D$1001,"Entrada",Lançamentos!$F$2:$F$1001,"Previsto",Lançamentos!$A$2:$A$1001,">="&DATE($B$3,1,1),Lançamentos!$A$2:$A$1001,"<"&DATE($B$3,2,1)) | G7: =SUMIFS(Lançamentos!$E$2:$E$1001,Lançamentos!$D$2:$D$1001,"Saída",Lançamentos!$F$2:$F$1001,"Previsto",Lançamentos!$A$2:$A$1001,">="&DATE($B$3,1,1),Lançamentos!$A$2:$A$1001,"<"&DATE($B$3,2,1)) | H7: =$B$4+B7-C7+F7-G7
A8: Fevereiro | B8: =SUMIFS(Lançamentos!$E$2:$E$1001,Lançamentos!$D$2:$D$1001,"Entrada",Lançamentos!$F$2:$F$1001,"Realizado",Lançamentos!$A$2:$A$1001,">="&DATE($B$3,2,1),Lançamentos!$A$2:$A$1001,"<"&DATE($B$3,3,1)) | C8: =SUMIFS(Lançamentos!$E$2:$E$1001,Lançamentos!$D$2:$D$1001,"Saída",Lançamentos!$F$2:$F$1001,"Realizado",Lançamentos!$A$2:$A$1001,">="&DATE($B$3,2,1),Lançamentos!$A$2:$A$1001,"<"&DATE($B$3,3,1)) | D8: =B8-C8 | E8: =E7+D8 | F8: =SUMIFS(Lançamentos!$E$2:$E$1001,Lançamentos!$D$2:$D$1001,"Entrada",Lançamentos!$F$2:$F$1001,"Previsto",Lançamentos!$A$2:$A$1001,">="&DATE($B$3,2,1),Lançamentos!$A$2:$A$1001,"<"&DATE($B$3,3,1)) | G8: =SUMIFS(Lançamentos!$E$2:$E$1001,Lançamentos!$D$2:$D$1001,"Saída",Lançamentos!$F$2:$F$1001,"Previsto",Lançamentos!$A$2:$A$1001,">="&DATE($B$3,2,1),Lançamentos!$A$2:$A$1001,"<"&DATE($B$3,3,1)) | H8: =H7+B8-C8+F8-G8
A9: Março | B9: =SUMIFS(Lançamentos!$E$2:$E$1001,Lançamentos!$D$2:$D$1001,"Entrada",Lançamentos!$F$2:$F$1001,"Realizado",Lançamentos!$A$2:$A$1001,">="&DATE($B$3,3,1),Lançamentos!$A$2:$A$1001,"<"&DATE($B$3,4,1)) | C9: =SUMIFS(Lançamentos!$E$2:$E$1001,Lançamentos!$D$2:$D$1001,"Saída",Lançamentos!$F$2:$F$1001,"Realizado",Lançamentos!$A$2:$A$1001,">="&DATE($B$3,3,1),Lançamentos!$A$2:$A$1001,"<"&DATE($B$3,4,1)) | D9: =B9-C9 | E9: =E8+D9 | F9: =SUMIFS(Lançamentos!$E$2:$E$1001,Lançamentos!$D$2:$D$1001,"Entrada",Lançamentos!$F$2:$F$1001,"Previsto",Lançamentos!$A$2:$A$1001,">="&DATE($B$3,3,1),Lançamentos!$A$2:$A$1001,"<"&DATE($B$3,4,1)) | G9: =SUMIFS(Lançamentos!$E$2:$E$1001,Lançamentos!$D$2:$D$1001,"Saída",Lançamentos!$F$2:$F$1001,"Previsto",Lançamentos!$A$2:$A$1001,">="&DATE($B$3,3,1),Lançamentos!$A$2:$A$1001,"<"&DATE($B$3,4,1)) | H9: =H8+B9-C9+F9-G9
A10: Abril | B10: =SUMIFS(Lançamentos!$E$2:$E$1001,Lançamentos!$D$2:$D$1001,"Entrada",Lançamentos!$F$2:$F$1001,"Realizado",Lançamentos!$A$2:$A$1001,">="&DATE($B$3,4,1),Lançamentos!$A$2:$A$1001,"<"&DATE($B$3,5,1)) | C10: =SUMIFS(Lançamentos!$E$2:$E$1001,Lançamentos!$D$2:$D$1001,"Saída",Lançamentos!$F$2:$F$1001,"Realizado",Lançamentos!$A$2:$A$1001,">="&DATE($B$3,4,1),Lançamentos!$A$2:$A$1001,"<"&DATE($B$3,5,1)) | D10: =B10-C10 | E10: =E9+D10 | F10: =SUMIFS(Lançamentos!$E$2:$E$1001,Lançamentos!$D$2:$D$1001,"Entrada",Lançamentos!$F$2:$F$1001,"Previsto",Lançamentos!$A$2:$A$1001,">="&DATE($B$3,4,1),Lançamentos!$A$2:$A$1001,"<"&DATE($B$3,5,1)) | G10: =SUMIFS(Lançamentos!$E$2:$E$1001,Lançamentos!$D$2:$D$1001,"Saída",Lançamentos!$F$2:$F$1001,"Previsto",Lançamentos!$A$2:$A$1001,">="&DATE($B$3,4,1),Lançamentos!$A$2:$A$1001,"<"&DATE($B$3,5,1)) | H10: =H9+B10-C10+F10-G10
A11: Maio | B11: =SUMIFS(Lançamentos!$E$2:$E$1001,Lançamentos!$D$2:$D$1001,"Entrada",Lançamentos!$F$2:$F$1001,"Realizado",Lançamentos!$A$2:$A$1001,">="&DATE($B$3,5,1),Lançamentos!$A$2:$A$1001,"<"&DATE($B$3,6,1)) | C11: =SUMIFS(Lançamentos!$E$2:$E$1001,Lançamentos!$D$2:$D$1001,"Saída",Lançamentos!$F$2:$F$1001,"Realizado",Lançamentos!$A$2:$A$1001,">="&DATE($B$3,5,1),Lançamentos!$A$2:$A$1001,"<"&DATE($B$3,6,1)) | D11: =B11-C11 | E11: =E10+D11 | F11: =SUMIFS(Lançamentos!$E$2:$E$1001,Lançamentos!$D$2:$D$1001,"Entrada",Lançamentos!$F$2:$F$1001,"Previsto",Lançamentos!$A$2:$A$1001,">="&DATE($B$3,5,1),Lançamentos!$A$2:$A$1001,"<"&DATE($B$3,6,1)) | G11: =SUMIFS(Lançamentos!$E$2:$E$1001,Lançamentos!$D$2:$D$1001,"Saída",Lançamentos!$F$2:$F$1001,"Previsto",Lançamentos!$A$2:$A$1001,">="&DATE($B$3,5,1),Lançamentos!$A$2:$A$1001,"<"&DATE($B$3,6,1)) | H11: =H10+B11-C11+F11-G11
A12: Junho | B12: =SUMIFS(Lançamentos!$E$2:$E$1001,Lançamentos!$D$2:$D$1001,"Entrada",Lançamentos!$F$2:$F$1001,"Realizado",Lançamentos!$A$2:$A$1001,">="&DATE($B$3,6,1),Lançamentos!$A$2:$A$1001,"<"&DATE($B$3,7,1)) | C12: =SUMIFS(Lançamentos!$E$2:$E$1001,Lançamentos!$D$2:$D$1001,"Saída",Lançamentos!$F$2:$F$1001,"Realizado",Lançamentos!$A$2:$A$1001,">="&DATE($B$3,6,1),Lançamentos!$A$2:$A$1001,"<"&DATE($B$3,7,1)) | D12: =B12-C12 | E12: =E11+D12 | F12: =SUMIFS(Lançamentos!$E$2:$E$1001,Lançamentos!$D$2:$D$1001,"Entrada",Lançamentos!$F$2:$F$1001,"Previsto",Lançamentos!$A$2:$A$1001,">="&DATE($B$3,6,1),Lançamentos!$A$2:$A$1001,"<"&DATE($B$3,7,1)) | G12: =SUMIFS(Lançamentos!$E$2:$E$1001,Lançamentos!$D$2:$D$1001,"Saída",Lançamentos!$F$2:$F$1001,"Previsto",Lançamentos!$A$2:$A$1001,">="&DATE($B$3,6,1),Lançamentos!$A$2:$A$1001,"<"&DATE($B$3,7,1)) | H12: =H11+B12-C12+F12-G12
A13: Julho | B13: =SUMIFS(Lançamentos!$E$2:$E$1001,Lançamentos!$D$2:$D$1001,"Entrada",Lançamentos!$F$2:$F$1001,"Realizado",Lançamentos!$A$2:$A$1001,">="&DATE($B$3,7,1),Lançamentos!$A$2:$A$1001,"<"&DATE($B$3,8,1)) | C13: =SUMIFS(Lançamentos!$E$2:$E$1001,Lançamentos!$D$2:$D$1001,"Saída",Lançamentos!$F$2:$F$1001,"Realizado",Lançamentos!$A$2:$A$1001,">="&DATE($B$3,7,1),Lançamentos!$A$2:$A$1001,"<"&DATE($B$3,8,1)) | D13: =B13-C13 | E13: =E12+D13 | F13: =SUMIFS(Lançamentos!$E$2:$E$1001,Lançamentos!$D$2:$D$1001,"Entrada",Lançamentos!$F$2:$F$1001,"Previsto",Lançamentos!$A$2:$A$1001,">="&DATE($B$3,7,1),Lançamentos!$A$2:$A$1001,"<"&DATE($B$3,8,1)) | G13: =SUMIFS(Lançamentos!$E$2:$E$1001,Lançamentos!$D$2:$D$1001,"Saída",Lançamentos!$F$2:$F$1001,"Previsto",Lançamentos!$A$2:$A$1001,">="&DATE($B$3,7,1),Lançamentos!$A$2:$A$1001,"<"&DATE($B$3,8,1)) | H13: =H12+B13-C13+F13-G13
A14: Agosto | B14: =SUMIFS(Lançamentos!$E$2:$E$1001,Lançamentos!$D$2:$D$1001,"Entrada",Lançamentos!$F$2:$F$1001,"Realizado",Lançamentos!$A$2:$A$1001,">="&DATE($B$3,8,1),Lançamentos!$A$2:$A$1001,"<"&DATE($B$3,9,1)) | C14: =SUMIFS(Lançamentos!$E$2:$E$1001,Lançamentos!$D$2:$D$1001,"Saída",Lançamentos!$F$2:$F$1001,"Realizado",Lançamentos!$A$2:$A$1001,">="&DATE($B$3,8,1),Lançamentos!$A$2:$A$1001,"<"&DATE($B$3,9,1)) | D14: =B14-C14 | E14: =E13+D14 | F14: =SUMIFS(Lançamentos!$E$2:$E$1001,Lançamentos!$D$2:$D$1001,"Entrada",Lançamentos!$F$2:$F$1001,"Previsto",Lançamentos!$A$2:$A$1001,">="&DATE($B$3,8,1),Lançamentos!$A$2:$A$1001,"<"&DATE($B$3,9,1)) | G14: =SUMIFS(Lançamentos!$E$2:$E$1001,Lançamentos!$D$2:$D$1001,"Saída",Lançamentos!$F$2:$F$1001,"Previsto",Lançamentos!$A$2:$A$1001,">="&DATE($B$3,8,1),Lançamentos!$A$2:$A$1001,"<"&DATE($B$3,9,1)) | H14: =H13+B14-C14+F14-G14
A15: Setembro | B15: =SUMIFS(Lançamentos!$E$2:$E$1001,Lançamentos!$D$2:$D$1001,"Entrada",Lançamentos!$F$2:$F$1001,"Realizado",Lançamentos!$A$2:$A$1001,">="&DATE($B$3,9,1),Lançamentos!$A$2:$A$1001,"<"&DATE($B$3,10,1)) | C15: =SUMIFS(Lançamentos!$E$2:$E$1001,Lançamentos!$D$2:$D$1001,"Saída",Lançamentos!$F$2:$F$1001,"Realizado",Lançamentos!$A$2:$A$1001,">="&DATE($B$3,9,1),Lançamentos!$A$2:$A$1001,"<"&DATE($B$3,10,1)) | D15: =B15-C15 | E15: =E14+D15 | F15: =SUMIFS(Lançamentos!$E$2:$E$1001,Lançamentos!$D$2:$D$1001,"Entrada",Lançamentos!$F$2:$F$1001,"Previsto",Lançamentos!$A$2:$A$1001,">="&DATE($B$3,9,1),Lançamentos!$A$2:$A$1001,"<"&DATE($B$3,10,1)) | G15: =SUMIFS(Lançamentos!$E$2:$E$1001,Lançamentos!$D$2:$D$1001,"Saída",Lançamentos!$F$2:$F$1001,"Previsto",Lançamentos!$A$2:$A$1001,">="&DATE($B$3,9,1),Lançamentos!$A$2:$A$1001,"<"&DATE($B$3,10,1)) | H15: =H14+B15-C15+F15-G15
A16: Outubro | B16: =SUMIFS(Lançamentos!$E$2:$E$1001,Lançamentos!$D$2:$D$1001,"Entrada",Lançamentos!$F$2:$F$1001,"Realizado",Lançamentos!$A$2:$A$1001,">="&DATE($B$3,10,1),Lançamentos!$A$2:$A$1001,"<"&DATE($B$3,11,1)) | C16: =SUMIFS(Lançamentos!$E$2:$E$1001,Lançamentos!$D$2:$D$1001,"Saída",Lançamentos!$F$2:$F$1001,"Realizado",Lançamentos!$A$2:$A$1001,">="&DATE($B$3,10,1),Lançamentos!$A$2:$A$1001,"<"&DATE($B$3,11,1)) | D16: =B16-C16 | E16: =E15+D16 | F16: =SUMIFS(Lançamentos!$E$2:$E$1001,Lançamentos!$D$2:$D$1001,"Entrada",Lançamentos!$F$2:$F$1001,"Previsto",Lançamentos!$A$2:$A$1001,">="&DATE($B$3,10,1),Lançamentos!$A$2:$A$1001,"<"&DATE($B$3,11,1)) | G16: =SUMIFS(Lançamentos!$E$2:$E$1001,Lançamentos!$D$2:$D$1001,"Saída",Lançamentos!$F$2:$F$1001,"Previsto",Lançamentos!$A$2:$A$1001,">="&DATE($B$3,10,1),Lançamentos!$A$2:$A$1001,"<"&DATE($B$3,11,1)) | H16: =H15+B16-C16+F16-G16
A17: Novembro | B17: =SUMIFS(Lançamentos!$E$2:$E$1001,Lançamentos!$D$2:$D$1001,"Entrada",Lançamentos!$F$2:$F$1001,"Realizado",Lançamentos!$A$2:$A$1001,">="&DATE($B$3,11,1),Lançamentos!$A$2:$A$1001,"<"&DATE($B$3,12,1)) | C17: =SUMIFS(Lançamentos!$E$2:$E$1001,Lançamentos!$D$2:$D$1001,"Saída",Lançamentos!$F$2:$F$1001,"Realizado",Lançamentos!$A$2:$A$1001,">="&DATE($B$3,11,1),Lançamentos!$A$2:$A$1001,"<"&DATE($B$3,12,1)) | D17: =B17-C17 | E17: =E16+D17 | F17: =SUMIFS(Lançamentos!$E$2:$E$1001,Lançamentos!$D$2:$D$1001,"Entrada",Lançamentos!$F$2:$F$1001,"Previsto",Lançamentos!$A$2:$A$1001,">="&DATE($B$3,11,1),Lançamentos!$A$2:$A$1001,"<"&DATE($B$3,12,1)) | G17: =SUMIFS(Lançamentos!$E$2:$E$1001,Lançamentos!$D$2:$D$1001,"Saída",Lançamentos!$F$2:$F$1001,"Previsto",Lançamentos!$A$2:$A$1001,">="&DATE($B$3,11,1),Lançamentos!$A$2:$A$1001,"<"&DATE($B$3,12,1)) | H17: =H16+B17-C17+F17-G17
A18: Dezembro | B18: =SUMIFS(Lançamentos!$E$2:$E$1001,Lançamentos!$D$2:$D$1001,"Entrada",Lançamentos!$F$2:$F$1001,"Realizado",Lançamentos!$A$2:$A$1001,">="&DATE($B$3,12,1),Lançamentos!$A$2:$A$1001,"<"&DATE($B$3,13,1)) | C18: =SUMIFS(Lançamentos!$E$2:$E$1001,Lançamentos!$D$2:$D$1001,"Saída",Lançamentos!$F$2:$F$1001,"Realizado",Lançamentos!$A$2:$A$1001,">="&DATE($B$3,12,1),Lançamentos!$A$2:$A$1001,"<"&DATE($B$3,13,1)) | D18: =B18-C18 | E18: =E17+D18 | F18: =SUMIFS(Lançamentos!$E$2:$E$1001,Lançamentos!$D$2:$D$1001,"Entrada",Lançamentos!$F$2:$F$1001,"Previsto",Lançamentos!$A$2:$A$1001,">="&DATE($B$3,12,1),Lançamentos!$A$2:$A$1001,"<"&DATE($B$3,13,1)) | G18: =SUMIFS(Lançamentos!$E$2:$E$1001,Lançamentos!$D$2:$D$1001,"Saída",Lançamentos!$F$2:$F$1001,"Previsto",Lançamentos!$A$2:$A$1001,">="&DATE($B$3,12,1),Lançamentos!$A$2:$A$1001,"<"&DATE($B$3,13,1)) | H18: =H17+B18-C18+F18-G18
A19: Total do ano | B19: =SUM(B7:B18) | C19: =SUM(C7:C18) | D19: =SUM(D7:D18) | E19: =E18 | F19: =SUM(F7:F18) | G19: =SUM(G7:G18) | H19: =H18
A20: Saldo em vermelho = mês em que falta dinheiro. Veja com antecedência e negocie prazos ou antecipe cobranças.

Sheet Por categoria
A1: Realizado por categoria (ano da aba Resumo)
A2: Categoria | B2: Tipo | C2: Jan | D2: Fev | E2: Mar | F2: Abr | G2: Mai | H2: Jun | I2: Jul | J2: Ago | K2: Set | L2: Out | M2: Nov | N2: Dez | O2: Total
A3: =IF(Categorias!A2="","",Categorias!A2) | B3: =IF(Categorias!B2="","",Categorias!B2) | C3: =IF($A3="","",SUMIFS(Lançamentos!$E$2:$E$1001,Lançamentos!$C$2:$C$1001,$A3,Lançamentos!$F$2:$F$1001,"Realizado",Lançamentos!$A$2:$A$1001,">="&DATE(Resumo!$B$3,1,1),Lançamentos!$A$2:$A$1001,"<"&DATE(Resumo!$B$3,2,1))) | D3: =IF($A3="","",SUMIFS(Lançamentos!$E$2:$E$1001,Lançamentos!$C$2:$C$1001,$A3,Lançamentos!$F$2:$F$1001,"Realizado",Lançamentos!$A$2:$A$1001,">="&DATE(Resumo!$B$3,2,1),Lançamentos!$A$2:$A$1001,"<"&DATE(Resumo!$B$3,3,1))) | E3: =IF($A3="","",SUMIFS(Lançamentos!$E$2:$E$1001,Lançamentos!$C$2:$C$1001,$A3,Lançamentos!$F$2:$F$1001,"Realizado",Lançamentos!$A$2:$A$1001,">="&DATE(Resumo!$B$3,3,1),Lançamentos!$A$2:$A$1001,"<"&DATE(Resumo!$B$3,4,1))) | F3: =IF($A3="","",SUMIFS(Lançamentos!$E$2:$E$1001,Lançamentos!$C$2:$C$1001,$A3,Lançamentos!$F$2:$F$1001,"Realizado",Lançamentos!$A$2:$A$1001,">="&DATE(Resumo!$B$3,4,1),Lançamentos!$A$2:$A$1001,"<"&DATE(Resumo!$B$3,5,1))) | G3: =IF($A3="","",SUMIFS(Lançamentos!$E$2:$E$1001,Lançamentos!$C$2:$C$1001,$A3,Lançamentos!$F$2:$F$1001,"Realizado",Lançamentos!$A$2:$A$1001,">="&DATE(Resumo!$B$3,5,1),Lançamentos!$A$2:$A$1001,"<"&DATE(Resumo!$B$3,6,1))) | H3: =IF($A3="","",SUMIFS(Lançamentos!$E$2:$E$1001,Lançamentos!$C$2:$C$1001,$A3,Lançamentos!$F$2:$F$1001,"Realizado",Lançamentos!$A$2:$A$1001,">="&DATE(Resumo!$B$3,6,1),Lançamentos!$A$2:$A$1001,"<"&DATE(Resumo!$B$3,7,1))) | I3: =IF($A3="","",SUMIFS(Lançamentos!$E$2:$E$1001,Lançamentos!$C$2:$C$1001,$A3,Lançamentos!$F$2:$F$1001,"Realizado",Lançamentos!$A$2:$A$1001,">="&DATE(Resumo!$B$3,7,1),Lançamentos!$A$2:$A$1001,"<"&DATE(Resumo!$B$3,8,1))) | J3: =IF($A3="","",SUMIFS(Lançamentos!$E$2:$E$1001,Lançamentos!$C$2:$C$1001,$A3,Lançamentos!$F$2:$F$1001,"Realizado",Lançamentos!$A$2:$A$1001,">="&DATE(Resumo!$B$3,8,1),Lançamentos!$A$2:$A$1001,"<"&DATE(Resumo!$B$3,9,1))) | K3: =IF($A3="","",SUMIFS(Lançamentos!$E$2:$E$1001,Lançamentos!$C$2:$C$1001,$A3,Lançamentos!$F$2:$F$1001,"Realizado",Lançamentos!$A$2:$A$1001,">="&DATE(Resumo!$B$3,9,1),Lançamentos!$A$2:$A$1001,"<"&DATE(Resumo!$B$3,10,1))) | L3: =IF($A3="","",SUMIFS(Lançamentos!$E$2:$E$1001,Lançamentos!$C$2:$C$1001,$A3,Lançamentos!$F$2:$F$1001,"Realizado",Lançamentos!$A$2:$A$1001,">="&DATE(Resumo!$B$3,10,1),Lançamentos!$A$2:$A$1001,"<"&DATE(Resumo!$B$3,11,1))) | M3: =IF($A3="","",SUMIFS(Lançamentos!$E$2:$E$1001,Lançamentos!$C$2:$C$1001,$A3,Lançamentos!$F$2:$F$1001,"Realizado",Lançamentos!$A$2:$A$1001,">="&DATE(Resumo!$B$3,11,1),Lançamentos!$A$2:$A$1001,"<"&DATE(Resumo!$B$3,12,1))) | N3: =IF($A3="","",SUMIFS(Lançamentos!$E$2:$E$1001,Lançamentos!$C$2:$C$1001,$A3,Lançamentos!$F$2:$F$1001,"Realizado",Lançamentos!$A$2:$A$1001,">="&DATE(Resumo!$B$3,12,1),Lançamentos!$A$2:$A$1001,"<"&DATE(Resumo!$B$3,13,1))) | O3: =IF($A3="","",SUM(C3:N3))
A4: =IF(Categorias!A3="","",Categorias!A3) | B4: =IF(Categorias!B3="","",Categorias!B3) | C4: =IF($A4="","",SUMIFS(Lançamentos!$E$2:$E$1001,Lançamentos!$C$2:$C$1001,$A4,Lançamentos!$F$2:$F$1001,"Realizado",Lançamentos!$A$2:$A$1001,">="&DATE(Resumo!$B$3,1,1),Lançamentos!$A$2:$A$1001,"<"&DATE(Resumo!$B$3,2,1))) | D4: =IF($A4="","",SUMIFS(Lançamentos!$E$2:$E$1001,Lançamentos!$C$2:$C$1001,$A4,Lançamentos!$F$2:$F$1001,"Realizado",Lançamentos!$A$2:$A$1001,">="&DATE(Resumo!$B$3,2,1),Lançamentos!$A$2:$A$1001,"<"&DATE(Resumo!$B$3,3,1))) | E4: =IF($A4="","",SUMIFS(Lançamentos!$E$2:$E$1001,Lançamentos!$C$2:$C$1001,$A4,Lançamentos!$F$2:$F$1001,"Realizado",Lançamentos!$A$2:$A$1001,">="&DATE(Resumo!$B$3,3,1),Lançamentos!$A$2:$A$1001,"<"&DATE(Resumo!$B$3,4,1))) | F4: =IF($A4="","",SUMIFS(Lançamentos!$E$2:$E$1001,Lançamentos!$C$2:$C$1001,$A4,Lançamentos!$F$2:$F$1001,"Realizado",Lançamentos!$A$2:$A$1001,">="&DATE(Resumo!$B$3,4,1),Lançamentos!$A$2:$A$1001,"<"&DATE(Resumo!$B$3,5,1))) | G4: =IF($A4="","",SUMIFS(Lançamentos!$E$2:$E$1001,Lançamentos!$C$2:$C$1001,$A4,Lançamentos!$F$2:$F$1001,"Realizado",Lançamentos!$A$2:$A$1001,">="&DATE(Resumo!$B$3,5,1),Lançamentos!$A$2:$A$1001,"<"&DATE(Resumo!$B$3,6,1))) | H4: =IF($A4="","",SUMIFS(Lançamentos!$E$2:$E$1001,Lançamentos!$C$2:$C$1001,$A4,Lançamentos!$F$2:$F$1001,"Realizado",Lançamentos!$A$2:$A$1001,">="&DATE(Resumo!$B$3,6,1),Lançamentos!$A$2:$A$1001,"<"&DATE(Resumo!$B$3,7,1))) | I4: =IF($A4="","",SUMIFS(Lançamentos!$E$2:$E$1001,Lançamentos!$C$2:$C$1001,$A4,Lançamentos!$F$2:$F$1001,"Realizado",Lançamentos!$A$2:$A$1001,">="&DATE(Resumo!$B$3,7,1),Lançamentos!$A$2:$A$1001,"<"&DATE(Resumo!$B$3,8,1))) | J4: =IF($A4="","",SUMIFS(Lançamentos!$E$2:$E$1001,Lançamentos!$C$2:$C$1001,$A4,Lançamentos!$F$2:$F$1001,"Realizado",Lançamentos!$A$2:$A$1001,">="&DATE(Resumo!$B$3,8,1),Lançamentos!$A$2:$A$1001,"<"&DATE(Resumo!$B$3,9,1))) | K4: =IF($A4="","",SUMIFS(Lançamentos!$E$2:$E$1001,Lançamentos!$C$2:$C$1001,$A4,Lançamentos!$F$2:$F$1001,"Realizado",Lançamentos!$A$2:$A$1001,">="&DATE(Resumo!$B$3,9,1),Lançamentos!$A$2:$A$1001,"<"&DATE(Resumo!$B$3,10,1))) | L4: =IF($A4="","",SUMIFS(Lançamentos!$E$2:$E$1001,Lançamentos!$C$2:$C$1001,$A4,Lançamentos!$F$2:$F$1001,"Realizado",Lançamentos!$A$2:$A$1001,">="&DATE(Resumo!$B$3,10,1),Lançamentos!$A$2:$A$1001,"<"&DATE(Resumo!$B$3,11,1))) | M4: =IF($A4="","",SUMIFS(Lançamentos!$E$2:$E$1001,Lançamentos!$C$2:$C$1001,$A4,Lançamentos!$F$2:$F$1001,"Realizado",Lançamentos!$A$2:$A$1001,">="&DATE(Resumo!$B$3,11,1),Lançamentos!$A$2:$A$1001,"<"&DATE(Resumo!$B$3,12,1))) | N4: =IF($A4="","",SUMIFS(Lançamentos!$E$2:$E$1001,Lançamentos!$C$2:$C$1001,$A4,Lançamentos!$F$2:$F$1001,"Realizado",Lançamentos!$A$2:$A$1001,">="&DATE(Resumo!$B$3,12,1),Lançamentos!$A$2:$A$1001,"<"&DATE(Resumo!$B$3,13,1))) | O4: =IF($A4="","",SUM(C4:N4))
A5: =IF(Categorias!A4="","",Categorias!A4) | B5: =IF(Categorias!B4="","",Categorias!B4) | C5: =IF($A5="","",SUMIFS(Lançamentos!$E$2:$E$1001,Lançamentos!$C$2:$C$1001,$A5,Lançamentos!$F$2:$F$1001,"Realizado",Lançamentos!$A$2:$A$1001,">="&DATE(Resumo!$B$3,1,1),Lançamentos!$A$2:$A$1001,"<"&DATE(Resumo!$B$3,2,1))) | D5: =IF($A5="","",SUMIFS(Lançamentos!$E$2:$E$1001,Lançamentos!$C$2:$C$1001,$A5,Lançamentos!$F$2:$F$1001,"Realizado",Lançamentos!$A$2:$A$1001,">="&DATE(Resumo!$B$3,2,1),Lançamentos!$A$2:$A$1001,"<"&DATE(Resumo!$B$3,3,1))) | E5: =IF($A5="","",SUMIFS(Lançamentos!$E$2:$E$1001,Lançamentos!$C$2:$C$1001,$A5,Lançamentos!$F$2:$F$1001,"Realizado",Lançamentos!$A$2:$A$1001,">="&DATE(Resumo!$B$3,3,1),Lançamentos!$A$2:$A$1001,"<"&DATE(Resumo!$B$3,4,1))) | F5: =IF($A5="","",SUMIFS(Lançamentos!$E$2:$E$1001,Lançamentos!$C$2:$C$1001,$A5,Lançamentos!$F$2:$F$1001,"Realizado",Lançamentos!$A$2:$A$1001,">="&DATE(Resumo!$B$3,4,1),Lançamentos!$A$2:$A$1001,"<"&DATE(Resumo!$B$3,5,1))) | G5: =IF($A5="","",SUMIFS(Lançamentos!$E$2:$E$1001,Lançamentos!$C$2:$C$1001,$A5,Lançamentos!$F$2:$F$1001,"Realizado",Lançamentos!$A$2:$A$1001,">="&DATE(Resumo!$B$3,5,1),Lançamentos!$A$2:$A$1001,"<"&DATE(Resumo!$B$3,6,1))) | H5: =IF($A5="","",SUMIFS(Lançamentos!$E$2:$E$1001,Lançamentos!$C$2:$C$1001,$A5,Lançamentos!$F$2:$F$1001,"Realizado",Lançamentos!$A$2:$A$1001,">="&DATE(Resumo!$B$3,6,1),Lançamentos!$A$2:$A$1001,"<"&DATE(Resumo!$B$3,7,1))) | I5: =IF($A5="","",SUMIFS(Lançamentos!$E$2:$E$1001,Lançamentos!$C$2:$C$1001,$A5,Lançamentos!$F$2:$F$1001,"Realizado",Lançamentos!$A$2:$A$1001,">="&DATE(Resumo!$B$3,7,1),Lançamentos!$A$2:$A$1001,"<"&DATE(Resumo!$B$3,8,1))) | J5: =IF($A5="","",SUMIFS(Lançamentos!$E$2:$E$1001,Lançamentos!$C$2:$C$1001,$A5,Lançamentos!$F$2:$F$1001,"Realizado",Lançamentos!$A$2:$A$1001,">="&DATE(Resumo!$B$3,8,1),Lançamentos!$A$2:$A$1001,"<"&DATE(Resumo!$B$3,9,1))) | K5: =IF($A5="","",SUMIFS(Lançamentos!$E$2:$E$1001,Lançamentos!$C$2:$C$1001,$A5,Lançamentos!$F$2:$F$1001,"Realizado",Lançamentos!$A$2:$A$1001,">="&DATE(Resumo!$B$3,9,1),Lançamentos!$A$2:$A$1001,"<"&DATE(Resumo!$B$3,10,1))) | L5: =IF($A5="","",SUMIFS(Lançamentos!$E$2:$E$1001,Lançamentos!$C$2:$C$1001,$A5,Lançamentos!$F$2:$F$1001,"Realizado",Lançamentos!$A$2:$A$1001,">="&DATE(Resumo!$B$3,10,1),Lançamentos!$A$2:$A$1001,"<"&DATE(Resumo!$B$3,11,1))) | M5: =IF($A5="","",SUMIFS(Lançamentos!$E$2:$E$1001,Lançamentos!$C$2:$C$1001,$A5,Lançamentos!$F$2:$F$1001,"Realizado",Lançamentos!$A$2:$A$1001,">="&DATE(Resumo!$B$3,11,1),Lançamentos!$A$2:$A$1001,"<"&DATE(Resumo!$B$3,12,1))) | N5: =IF($A5="","",SUMIFS(Lançamentos!$E$2:$E$1001,Lançamentos!$C$2:$C$1001,$A5,Lançamentos!$F$2:$F$1001,"Realizado",Lançamentos!$A$2:$A$1001,">="&DATE(Resumo!$B$3,12,1),Lançamentos!$A$2:$A$1001,"<"&DATE(Resumo!$B$3,13,1))) | O5: =IF($A5="","",SUM(C5:N5))
A6: =IF(Categorias!A5="","",Categorias!A5) | B6: =IF(Categorias!B5="","",Categorias!B5) | C6: =IF($A6="","",SUMIFS(Lançamentos!$E$2:$E$1001,Lançamentos!$C$2:$C$1001,$A6,Lançamentos!$F$2:$F$1001,"Realizado",Lançamentos!$A$2:$A$1001,">="&DATE(Resumo!$B$3,1,1),Lançamentos!$A$2:$A$1001,"<"&DATE(Resumo!$B$3,2,1))) | D6: =IF($A6="","",SUMIFS(Lançamentos!$E$2:$E$1001,Lançamentos!$C$2:$C$1001,$A6,Lançamentos!$F$2:$F$1001,"Realizado",Lançamentos!$A$2:$A$1001,">="&DATE(Resumo!$B$3,2,1),Lançamentos!$A$2:$A$1001,"<"&DATE(Resumo!$B$3,3,1))) | E6: =IF($A6="","",SUMIFS(Lançamentos!$E$2:$E$1001,Lançamentos!$C$2:$C$1001,$A6,Lançamentos!$F$2:$F$1001,"Realizado",Lançamentos!$A$2:$A$1001,">="&DATE(Resumo!$B$3,3,1),Lançamentos!$A$2:$A$1001,"<"&DATE(Resumo!$B$3,4,1))) | F6: =IF($A6="","",SUMIFS(Lançamentos!$E$2:$E$1001,Lançamentos!$C$2:$C$1001,$A6,Lançamentos!$F$2:$F$1001,"Realizado",Lançamentos!$A$2:$A$1001,">="&DATE(Resumo!$B$3,4,1),Lançamentos!$A$2:$A$1001,"<"&DATE(Resumo!$B$3,5,1))) | G6: =IF($A6="","",SUMIFS(Lançamentos!$E$2:$E$1001,Lançamentos!$C$2:$C$1001,$A6,Lançamentos!$F$2:$F$1001,"Realizado",Lançamentos!$A$2:$A$1001,">="&DATE(Resumo!$B$3,5,1),Lançamentos!$A$2:$A$1001,"<"&DATE(Resumo!$B$3,6,1))) | H6: =IF($A6="","",SUMIFS(Lançamentos!$E$2:$E$1001,Lançamentos!$C$2:$C$1001,$A6,Lançamentos!$F$2:$F$1001,"Realizado",Lançamentos!$A$2:$A$1001,">="&DATE(Resumo!$B$3,6,1),Lançamentos!$A$2:$A$1001,"<"&DATE(Resumo!$B$3,7,1))) | I6: =IF($A6="","",SUMIFS(Lançamentos!$E$2:$E$1001,Lançamentos!$C$2:$C$1001,$A6,Lançamentos!$F$2:$F$1001,"Realizado",Lançamentos!$A$2:$A$1001,">="&DATE(Resumo!$B$3,7,1),Lançamentos!$A$2:$A$1001,"<"&DATE(Resumo!$B$3,8,1))) | J6: =IF($A6="","",SUMIFS(Lançamentos!$E$2:$E$1001,Lançamentos!$C$2:$C$1001,$A6,Lançamentos!$F$2:$F$1001,"Realizado",Lançamentos!$A$2:$A$1001,">="&DATE(Resumo!$B$3,8,1),Lançamentos!$A$2:$A$1001,"<"&DATE(Resumo!$B$3,9,1))) | K6: =IF($A6="","",SUMIFS(Lançamentos!$E$2:$E$1001,Lançamentos!$C$2:$C$1001,$A6,Lançamentos!$F$2:$F$1001,"Realizado",Lançamentos!$A$2:$A$1001,">="&DATE(Resumo!$B$3,9,1),Lançamentos!$A$2:$A$1001,"<"&DATE(Resumo!$B$3,10,1))) | L6: =IF($A6="","",SUMIFS(Lançamentos!$E$2:$E$1001,Lançamentos!$C$2:$C$1001,$A6,Lançamentos!$F$2:$F$1001,"Realizado",Lançamentos!$A$2:$A$1001,">="&DATE(Resumo!$B$3,10,1),Lançamentos!$A$2:$A$1001,"<"&DATE(Resumo!$B$3,11,1))) | M6: =IF($A6="","",SUMIFS(Lançamentos!$E$2:$E$1001,Lançamentos!$C$2:$C$1001,$A6,Lançamentos!$F$2:$F$1001,"Realizado",Lançamentos!$A$2:$A$1001,">="&DATE(Resumo!$B$3,11,1),Lançamentos!$A$2:$A$1001,"<"&DATE(Resumo!$B$3,12,1))) | N6: =IF($A6="","",SUMIFS(Lançamentos!$E$2:$E$1001,Lançamentos!$C$2:$C$1001,$A6,Lançamentos!$F$2:$F$1001,"Realizado",Lançamentos!$A$2:$A$1001,">="&DATE(Resumo!$B$3,12,1),Lançamentos!$A$2:$A$1001,"<"&DATE(Resumo!$B$3,13,1))) | O6: =IF($A6="","",SUM(C6:N6))
A7: =IF(Categorias!A6="","",Categorias!A6) | B7: =IF(Categorias!B6="","",Categorias!B6) | C7: =IF($A7="","",SUMIFS(Lançamentos!$E$2:$E$1001,Lançamentos!$C$2:$C$1001,$A7,Lançamentos!$F$2:$F$1001,"Realizado",Lançamentos!$A$2:$A$1001,">="&DATE(Resumo!$B$3,1,1),Lançamentos!$A$2:$A$1001,"<"&DATE(Resumo!$B$3,2,1))) | D7: =IF($A7="","",SUMIFS(Lançamentos!$E$2:$E$1001,Lançamentos!$C$2:$C$1001,$A7,Lançamentos!$F$2:$F$1001,"Realizado",Lançamentos!$A$2:$A$1001,">="&DATE(Resumo!$B$3,2,1),Lançamentos!$A$2:$A$1001,"<"&DATE(Resumo!$B$3,3,1))) | E7: =IF($A7="","",SUMIFS(Lançamentos!$E$2:$E$1001,Lançamentos!$C$2:$C$1001,$A7,Lançamentos!$F$2:$F$1001,"Realizado",Lançamentos!$A$2:$A$1001,">="&DATE(Resumo!$B$3,3,1),Lançamentos!$A$2:$A$1001,"<"&DATE(Resumo!$B$3,4,1))) | F7: =IF($A7="","",SUMIFS(Lançamentos!$E$2:$E$1001,Lançamentos!$C$2:$C$1001,$A7,Lançamentos!$F$2:$F$1001,"Realizado",Lançamentos!$A$2:$A$1001,">="&DATE(Resumo!$B$3,4,1),Lançamentos!$A$2:$A$1001,"<"&DATE(Resumo!$B$3,5,1))) | G7: =IF($A7="","",SUMIFS(Lançamentos!$E$2:$E$1001,Lançamentos!$C$2:$C$1001,$A7,Lançamentos!$F$2:$F$1001,"Realizado",Lançamentos!$A$2:$A$1001,">="&DATE(Resumo!$B$3,5,1),Lançamentos!$A$2:$A$1001,"<"&DATE(Resumo!$B$3,6,1))) | H7: =IF($A7="","",SUMIFS(Lançamentos!$E$2:$E$1001,Lançamentos!$C$2:$C$1001,$A7,Lançamentos!$F$2:$F$1001,"Realizado",Lançamentos!$A$2:$A$1001,">="&DATE(Resumo!$B$3,6,1),Lançamentos!$A$2:$A$1001,"<"&DATE(Resumo!$B$3,7,1))) | I7: =IF($A7="","",SUMIFS(Lançamentos!$E$2:$E$1001,Lançamentos!$C$2:$C$1001,$A7,Lançamentos!$F$2:$F$1001,"Realizado",Lançamentos!$A$2:$A$1001,">="&DATE(Resumo!$B$3,7,1),Lançamentos!$A$2:$A$1001,"<"&DATE(Resumo!$B$3,8,1))) | J7: =IF($A7="","",SUMIFS(Lançamentos!$E$2:$E$1001,Lançamentos!$C$2:$C$1001,$A7,Lançamentos!$F$2:$F$1001,"Realizado",Lançamentos!$A$2:$A$1001,">="&DATE(Resumo!$B$3,8,1),Lançamentos!$A$2:$A$1001,"<"&DATE(Resumo!$B$3,9,1))) | K7: =IF($A7="","",SUMIFS(Lançamentos!$E$2:$E$1001,Lançamentos!$C$2:$C$1001,$A7,Lançamentos!$F$2:$F$1001,"Realizado",Lançamentos!$A$2:$A$1001,">="&DATE(Resumo!$B$3,9,1),Lançamentos!$A$2:$A$1001,"<"&DATE(Resumo!$B$3,10,1))) | L7: =IF($A7="","",SUMIFS(Lançamentos!$E$2:$E$1001,Lançamentos!$C$2:$C$1001,$A7,Lançamentos!$F$2:$F$1001,"Realizado",Lançamentos!$A$2:$A$1001,">="&DATE(Resumo!$B$3,10,1),Lançamentos!$A$2:$A$1001,"<"&DATE(Resumo!$B$3,11,1))) | M7: =IF($A7="","",SUMIFS(Lançamentos!$E$2:$E$1001,Lançamentos!$C$2:$C$1001,$A7,Lançamentos!$F$2:$F$1001,"Realizado",Lançamentos!$A$2:$A$1001,">="&DATE(Resumo!$B$3,11,1),Lançamentos!$A$2:$A$1001,"<"&DATE(Resumo!$B$3,12,1))) | N7: =IF($A7="","",SUMIFS(Lançamentos!$E$2:$E$1001,Lançamentos!$C$2:$C$1001,$A7,Lançamentos!$F$2:$F$1001,"Realizado",Lançamentos!$A$2:$A$1001,">="&DATE(Resumo!$B$3,12,1),Lançamentos!$A$2:$A$1001,"<"&DATE(Resumo!$B$3,13,1))) | O7: =IF($A7="","",SUM(C7:N7))
A8: =IF(Categorias!A7="","",Categorias!A7) | B8: =IF(Categorias!B7="","",Categorias!B7) | C8: =IF($A8="","",SUMIFS(Lançamentos!$E$2:$E$1001,Lançamentos!$C$2:$C$1001,$A8,Lançamentos!$F$2:$F$1001,"Realizado",Lançamentos!$A$2:$A$1001,">="&DATE(Resumo!$B$3,1,1),Lançamentos!$A$2:$A$1001,"<"&DATE(Resumo!$B$3,2,1))) | D8: =IF($A8="","",SUMIFS(Lançamentos!$E$2:$E$1001,Lançamentos!$C$2:$C$1001,$A8,Lançamentos!$F$2:$F$1001,"Realizado",Lançamentos!$A$2:$A$1001,">="&DATE(Resumo!$B$3,2,1),Lançamentos!$A$2:$A$1001,"<"&DATE(Resumo!$B$3,3,1))) | E8: =IF($A8="","",SUMIFS(Lançamentos!$E$2:$E$1001,Lançamentos!$C$2:$C$1001,$A8,Lançamentos!$F$2:$F$1001,"Realizado",Lançamentos!$A$2:$A$1001,">="&DATE(Resumo!$B$3,3,1),Lançamentos!$A$2:$A$1001,"<"&DATE(Resumo!$B$3,4,1))) | F8: =IF($A8="","",SUMIFS(Lançamentos!$E$2:$E$1001,Lançamentos!$C$2:$C$1001,$A8,Lançamentos!$F$2:$F$1001,"Realizado",Lançamentos!$A$2:$A$1001,">="&DATE(Resumo!$B$3,4,1),Lançamentos!$A$2:$A$1001,"<"&DATE(Resumo!$B$3,5,1))) | G8: =IF($A8="","",SUMIFS(Lançamentos!$E$2:$E$1001,Lançamentos!$C$2:$C$1001,$A8,Lançamentos!$F$2:$F$1001,"Realizado",Lançamentos!$A$2:$A$1001,">="&DATE(Resumo!$B$3,5,1),Lançamentos!$A$2:$A$1001,"<"&DATE(Resumo!$B$3,6,1))) | H8: =IF($A8="","",SUMIFS(Lançamentos!$E$2:$E$1001,Lançamentos!$C$2:$C$1001,$A8,Lançamentos!$F$2:$F$1001,"Realizado",Lançamentos!$A$2:$A$1001,">="&DATE(Resumo!$B$3,6,1),Lançamentos!$A$2:$A$1001,"<"&DATE(Resumo!$B$3,7,1))) | I8: =IF($A8="","",SUMIFS(Lançamentos!$E$2:$E$1001,Lançamentos!$C$2:$C$1001,$A8,Lançamentos!$F$2:$F$1001,"Realizado",Lançamentos!$A$2:$A$1001,">="&DATE(Resumo!$B$3,7,1),Lançamentos!$A$2:$A$1001,"<"&DATE(Resumo!$B$3,8,1))) | J8: =IF($A8="","",SUMIFS(Lançamentos!$E$2:$E$1001,Lançamentos!$C$2:$C$1001,$A8,Lançamentos!$F$2:$F$1001,"Realizado",Lançamentos!$A$2:$A$1001,">="&DATE(Resumo!$B$3,8,1),Lançamentos!$A$2:$A$1001,"<"&DATE(Resumo!$B$3,9,1))) | K8: =IF($A8="","",SUMIFS(Lançamentos!$E$2:$E$1001,Lançamentos!$C$2:$C$1001,$A8,Lançamentos!$F$2:$F$1001,"Realizado",Lançamentos!$A$2:$A$1001,">="&DATE(Resumo!$B$3,9,1),Lançamentos!$A$2:$A$1001,"<"&DATE(Resumo!$B$3,10,1))) | L8: =IF($A8="","",SUMIFS(Lançamentos!$E$2:$E$1001,Lançamentos!$C$2:$C$1001,$A8,Lançamentos!$F$2:$F$1001,"Realizado",Lançamentos!$A$2:$A$1001,">="&DATE(Resumo!$B$3,10,1),Lançamentos!$A$2:$A$1001,"<"&DATE(Resumo!$B$3,11,1))) | M8: =IF($A8="","",SUMIFS(Lançamentos!$E$2:$E$1001,Lançamentos!$C$2:$C$1001,$A8,Lançamentos!$F$2:$F$1001,"Realizado",Lançamentos!$A$2:$A$1001,">="&DATE(Resumo!$B$3,11,1),Lançamentos!$A$2:$A$1001,"<"&DATE(Resumo!$B$3,12,1))) | N8: =IF($A8="","",SUMIFS(Lançamentos!$E$2:$E$1001,Lançamentos!$C$2:$C$1001,$A8,Lançamentos!$F$2:$F$1001,"Realizado",Lançamentos!$A$2:$A$1001,">="&DATE(Resumo!$B$3,12,1),Lançamentos!$A$2:$A$1001,"<"&DATE(Resumo!$B$3,13,1))) | O8: =IF($A8="","",SUM(C8:N8))
A9: =IF(Categorias!A8="","",Categorias!A8) | B9: =IF(Categorias!B8="","",Categorias!B8) | C9: =IF($A9="","",SUMIFS(Lançamentos!$E$2:$E$1001,Lançamentos!$C$2:$C$1001,$A9,Lançamentos!$F$2:$F$1001,"Realizado",Lançamentos!$A$2:$A$1001,">="&DATE(Resumo!$B$3,1,1),Lançamentos!$A$2:$A$1001,"<"&DATE(Resumo!$B$3,2,1))) | D9: =IF($A9="","",SUMIFS(Lançamentos!$E$2:$E$1001,Lançamentos!$C$2:$C$1001,$A9,Lançamentos!$F$2:$F$1001,"Realizado",Lançamentos!$A$2:$A$1001,">="&DATE(Resumo!$B$3,2,1),Lançamentos!$A$2:$A$1001,"<"&DATE(Resumo!$B$3,3,1))) | E9: =IF($A9="","",SUMIFS(Lançamentos!$E$2:$E$1001,Lançamentos!$C$2:$C$1001,$A9,Lançamentos!$F$2:$F$1001,"Realizado",Lançamentos!$A$2:$A$1001,">="&DATE(Resumo!$B$3,3,1),Lançamentos!$A$2:$A$1001,"<"&DATE(Resumo!$B$3,4,1))) | F9: =IF($A9="","",SUMIFS(Lançamentos!$E$2:$E$1001,Lançamentos!$C$2:$C$1001,$A9,Lançamentos!$F$2:$F$1001,"Realizado",Lançamentos!$A$2:$A$1001,">="&DATE(Resumo!$B$3,4,1),Lançamentos!$A$2:$A$1001,"<"&DATE(Resumo!$B$3,5,1))) | G9: =IF($A9="","",SUMIFS(Lançamentos!$E$2:$E$1001,Lançamentos!$C$2:$C$1001,$A9,Lançamentos!$F$2:$F$1001,"Realizado",Lançamentos!$A$2:$A$1001,">="&DATE(Resumo!$B$3,5,1),Lançamentos!$A$2:$A$1001,"<"&DATE(Resumo!$B$3,6,1))) | H9: =IF($A9="","",SUMIFS(Lançamentos!$E$2:$E$1001,Lançamentos!$C$2:$C$1001,$A9,Lançamentos!$F$2:$F$1001,"Realizado",Lançamentos!$A$2:$A$1001,">="&DATE(Resumo!$B$3,6,1),Lançamentos!$A$2:$A$1001,"<"&DATE(Resumo!$B$3,7,1))) | I9: =IF($A9="","",SUMIFS(Lançamentos!$E$2:$E$1001,Lançamentos!$C$2:$C$1001,$A9,Lançamentos!$F$2:$F$1001,"Realizado",Lançamentos!$A$2:$A$1001,">="&DATE(Resumo!$B$3,7,1),Lançamentos!$A$2:$A$1001,"<"&DATE(Resumo!$B$3,8,1))) | J9: =IF($A9="","",SUMIFS(Lançamentos!$E$2:$E$1001,Lançamentos!$C$2:$C$1001,$A9,Lançamentos!$F$2:$F$1001,"Realizado",Lançamentos!$A$2:$A$1001,">="&DATE(Resumo!$B$3,8,1),Lançamentos!$A$2:$A$1001,"<"&DATE(Resumo!$B$3,9,1))) | K9: =IF($A9="","",SUMIFS(Lançamentos!$E$2:$E$1001,Lançamentos!$C$2:$C$1001,$A9,Lançamentos!$F$2:$F$1001,"Realizado",Lançamentos!$A$2:$A$1001,">="&DATE(Resumo!$B$3,9,1),Lançamentos!$A$2:$A$1001,"<"&DATE(Resumo!$B$3,10,1))) | L9: =IF($A9="","",SUMIFS(Lançamentos!$E$2:$E$1001,Lançamentos!$C$2:$C$1001,$A9,Lançamentos!$F$2:$F$1001,"Realizado",Lançamentos!$A$2:$A$1001,">="&DATE(Resumo!$B$3,10,1),Lançamentos!$A$2:$A$1001,"<"&DATE(Resumo!$B$3,11,1))) | M9: =IF($A9="","",SUMIFS(Lançamentos!$E$2:$E$1001,Lançamentos!$C$2:$C$1001,$A9,Lançamentos!$F$2:$F$1001,"Realizado",Lançamentos!$A$2:$A$1001,">="&DATE(Resumo!$B$3,11,1),Lançamentos!$A$2:$A$1001,"<"&DATE(Resumo!$B$3,12,1))) | N9: =IF($A9="","",SUMIFS(Lançamentos!$E$2:$E$1001,Lançamentos!$C$2:$C$1001,$A9,Lançamentos!$F$2:$F$1001,"Realizado",Lançamentos!$A$2:$A$1001,">="&DATE(Resumo!$B$3,12,1),Lançamentos!$A$2:$A$1001,"<"&DATE(Resumo!$B$3,13,1))) | O9: =IF($A9="","",SUM(C9:N9))
A10: =IF(Categorias!A9="","",Categorias!A9) | B10: =IF(Categorias!B9="","",Categorias!B9) | C10: =IF($A10="","",SUMIFS(Lançamentos!$E$2:$E$1001,Lançamentos!$C$2:$C$1001,$A10,Lançamentos!$F$2:$F$1001,"Realizado",Lançamentos!$A$2:$A$1001,">="&DATE(Resumo!$B$3,1,1),Lançamentos!$A$2:$A$1001,"<"&DATE(Resumo!$B$3,2,1))) | D10: =IF($A10="","",SUMIFS(Lançamentos!$E$2:$E$1001,Lançamentos!$C$2:$C$1001,$A10,Lançamentos!$F$2:$F$1001,"Realizado",Lançamentos!$A$2:$A$1001,">="&DATE(Resumo!$B$3,2,1),Lançamentos!$A$2:$A$1001,"<"&DATE(Resumo!$B$3,3,1))) | E10: =IF($A10="","",SUMIFS(Lançamentos!$E$2:$E$1001,Lançamentos!$C$2:$C$1001,$A10,Lançamentos!$F$2:$F$1001,"Realizado",Lançamentos!$A$2:$A$1001,">="&DATE(Resumo!$B$3,3,1),Lançamentos!$A$2:$A$1001,"<"&DATE(Resumo!$B$3,4,1))) | F10: =IF($A10="","",SUMIFS(Lançamentos!$E$2:$E$1001,Lançamentos!$C$2:$C$1001,$A10,Lançamentos!$F$2:$F$1001,"Realizado",Lançamentos!$A$2:$A$1001,">="&DATE(Resumo!$B$3,4,1),Lançamentos!$A$2:$A$1001,"<"&DATE(Resumo!$B$3,5,1))) | G10: =IF($A10="","",SUMIFS(Lançamentos!$E$2:$E$1001,Lançamentos!$C$2:$C$1001,$A10,Lançamentos!$F$2:$F$1001,"Realizado",Lançamentos!$A$2:$A$1001,">="&DATE(Resumo!$B$3,5,1),Lançamentos!$A$2:$A$1001,"<"&DATE(Resumo!$B$3,6,1))) | H10: =IF($A10="","",SUMIFS(Lançamentos!$E$2:$E$1001,Lançamentos!$C$2:$C$1001,$A10,Lançamentos!$F$2:$F$1001,"Realizado",Lançamentos!$A$2:$A$1001,">="&DATE(Resumo!$B$3,6,1),Lançamentos!$A$2:$A$1001,"<"&DATE(Resumo!$B$3,7,1))) | I10: =IF($A10="","",SUMIFS(Lançamentos!$E$2:$E$1001,Lançamentos!$C$2:$C$1001,$A10,Lançamentos!$F$2:$F$1001,"Realizado",Lançamentos!$A$2:$A$1001,">="&DATE(Resumo!$B$3,7,1),Lançamentos!$A$2:$A$1001,"<"&DATE(Resumo!$B$3,8,1))) | J10: =IF($A10="","",SUMIFS(Lançamentos!$E$2:$E$1001,Lançamentos!$C$2:$C$1001,$A10,Lançamentos!$F$2:$F$1001,"Realizado",Lançamentos!$A$2:$A$1001,">="&DATE(Resumo!$B$3,8,1),Lançamentos!$A$2:$A$1001,"<"&DATE(Resumo!$B$3,9,1))) | K10: =IF($A10="","",SUMIFS(Lançamentos!$E$2:$E$1001,Lançamentos!$C$2:$C$1001,$A10,Lançamentos!$F$2:$F$1001,"Realizado",Lançamentos!$A$2:$A$1001,">="&DATE(Resumo!$B$3,9,1),Lançamentos!$A$2:$A$1001,"<"&DATE(Resumo!$B$3,10,1))) | L10: =IF($A10="","",SUMIFS(Lançamentos!$E$2:$E$1001,Lançamentos!$C$2:$C$1001,$A10,Lançamentos!$F$2:$F$1001,"Realizado",Lançamentos!$A$2:$A$1001,">="&DATE(Resumo!$B$3,10,1),Lançamentos!$A$2:$A$1001,"<"&DATE(Resumo!$B$3,11,1))) | M10: =IF($A10="","",SUMIFS(Lançamentos!$E$2:$E$1001,Lançamentos!$C$2:$C$1001,$A10,Lançamentos!$F$2:$F$1001,"Realizado",Lançamentos!$A$2:$A$1001,">="&DATE(Resumo!$B$3,11,1),Lançamentos!$A$2:$A$1001,"<"&DATE(Resumo!$B$3,12,1))) | N10: =IF($A10="","",SUMIFS(Lançamentos!$E$2:$E$1001,Lançamentos!$C$2:$C$1001,$A10,Lançamentos!$F$2:$F$1001,"Realizado",Lançamentos!$A$2:$A$1001,">="&DATE(Resumo!$B$3,12,1),Lançamentos!$A$2:$A$1001,"<"&DATE(Resumo!$B$3,13,1))) | O10: =IF($A10="","",SUM(C10:N10))
A11: =IF(Categorias!A10="","",Categorias!A10) | B11: =IF(Categorias!B10="","",Categorias!B10) | C11: =IF($A11="","",SUMIFS(Lançamentos!$E$2:$E$1001,Lançamentos!$C$2:$C$1001,$A11,Lançamentos!$F$2:$F$1001,"Realizado",Lançamentos!$A$2:$A$1001,">="&DATE(Resumo!$B$3,1,1),Lançamentos!$A$2:$A$1001,"<"&DATE(Resumo!$B$3,2,1))) | D11: =IF($A11="","",SUMIFS(Lançamentos!$E$2:$E$1001,Lançamentos!$C$2:$C$1001,$A11,Lançamentos!$F$2:$F$1001,"Realizado",Lançamentos!$A$2:$A$1001,">="&DATE(Resumo!$B$3,2,1),Lançamentos!$A$2:$A$1001,"<"&DATE(Resumo!$B$3,3,1))) | E11: =IF($A11="","",SUMIFS(Lançamentos!$E$2:$E$1001,Lançamentos!$C$2:$C$1001,$A11,Lançamentos!$F$2:$F$1001,"Realizado",Lançamentos!$A$2:$A$1001,">="&DATE(Resumo!$B$3,3,1),Lançamentos!$A$2:$A$1001,"<"&DATE(Resumo!$B$3,4,1))) | F11: =IF($A11="","",SUMIFS(Lançamentos!$E$2:$E$1001,Lançamentos!$C$2:$C$1001,$A11,Lançamentos!$F$2:$F$1001,"Realizado",Lançamentos!$A$2:$A$1001,">="&DATE(Resumo!$B$3,4,1),Lançamentos!$A$2:$A$1001,"<"&DATE(Resumo!$B$3,5,1))) | G11: =IF($A11="","",SUMIFS(Lançamentos!$E$2:$E$1001,Lançamentos!$C$2:$C$1001,$A11,Lançamentos!$F$2:$F$1001,"Realizado",Lançamentos!$A$2:$A$1001,">="&DATE(Resumo!$B$3,5,1),Lançamentos!$A$2:$A$1001,"<"&DATE(Resumo!$B$3,6,1))) | H11: =IF($A11="","",SUMIFS(Lançamentos!$E$2:$E$1001,Lançamentos!$C$2:$C$1001,$A11,Lançamentos!$F$2:$F$1001,"Realizado",Lançamentos!$A$2:$A$1001,">="&DATE(Resumo!$B$3,6,1),Lançamentos!$A$2:$A$1001,"<"&DATE(Resumo!$B$3,7,1))) | I11: =IF($A11="","",SUMIFS(Lançamentos!$E$2:$E$1001,Lançamentos!$C$2:$C$1001,$A11,Lançamentos!$F$2:$F$1001,"Realizado",Lançamentos!$A$2:$A$1001,">="&DATE(Resumo!$B$3,7,1),Lançamentos!$A$2:$A$1001,"<"&DATE(Resumo!$B$3,8,1))) | J11: =IF($A11="","",SUMIFS(Lançamentos!$E$2:$E$1001,Lançamentos!$C$2:$C$1001,$A11,Lançamentos!$F$2:$F$1001,"Realizado",Lançamentos!$A$2:$A$1001,">="&DATE(Resumo!$B$3,8,1),Lançamentos!$A$2:$A$1001,"<"&DATE(Resumo!$B$3,9,1))) | K11: =IF($A11="","",SUMIFS(Lançamentos!$E$2:$E$1001,Lançamentos!$C$2:$C$1001,$A11,Lançamentos!$F$2:$F$1001,"Realizado",Lançamentos!$A$2:$A$1001,">="&DATE(Resumo!$B$3,9,1),Lançamentos!$A$2:$A$1001,"<"&DATE(Resumo!$B$3,10,1))) | L11: =IF($A11="","",SUMIFS(Lançamentos!$E$2:$E$1001,Lançamentos!$C$2:$C$1001,$A11,Lançamentos!$F$2:$F$1001,"Realizado",Lançamentos!$A$2:$A$1001,">="&DATE(Resumo!$B$3,10,1),Lançamentos!$A$2:$A$1001,"<"&DATE(Resumo!$B$3,11,1))) | M11: =IF($A11="","",SUMIFS(Lançamentos!$E$2:$E$1001,Lançamentos!$C$2:$C$1001,$A11,Lançamentos!$F$2:$F$1001,"Realizado",Lançamentos!$A$2:$A$1001,">="&DATE(Resumo!$B$3,11,1),Lançamentos!$A$2:$A$1001,"<"&DATE(Resumo!$B$3,12,1))) | N11: =IF($A11="","",SUMIFS(Lançamentos!$E$2:$E$1001,Lançamentos!$C$2:$C$1001,$A11,Lançamentos!$F$2:$F$1001,"Realizado",Lançamentos!$A$2:$A$1001,">="&DATE(Resumo!$B$3,12,1),Lançamentos!$A$2:$A$1001,"<"&DATE(Resumo!$B$3,13,1))) | O11: =IF($A11="","",SUM(C11:N11))
A12: =IF(Categorias!A11="","",Categorias!A11) | B12: =IF(Categorias!B11="","",Categorias!B11) | C12: =IF($A12="","",SUMIFS(Lançamentos!$E$2:$E$1001,Lançamentos!$C$2:$C$1001,$A12,Lançamentos!$F$2:$F$1001,"Realizado",Lançamentos!$A$2:$A$1001,">="&DATE(Resumo!$B$3,1,1),Lançamentos!$A$2:$A$1001,"<"&DATE(Resumo!$B$3,2,1))) | D12: =IF($A12="","",SUMIFS(Lançamentos!$E$2:$E$1001,Lançamentos!$C$2:$C$1001,$A12,Lançamentos!$F$2:$F$1001,"Realizado",Lançamentos!$A$2:$A$1001,">="&DATE(Resumo!$B$3,2,1),Lançamentos!$A$2:$A$1001,"<"&DATE(Resumo!$B$3,3,1))) | E12: =IF($A12="","",SUMIFS(Lançamentos!$E$2:$E$1001,Lançamentos!$C$2:$C$1001,$A12,Lançamentos!$F$2:$F$1001,"Realizado",Lançamentos!$A$2:$A$1001,">="&DATE(Resumo!$B$3,3,1),Lançamentos!$A$2:$A$1001,"<"&DATE(Resumo!$B$3,4,1))) | F12: =IF($A12="","",SUMIFS(Lançamentos!$E$2:$E$1001,Lançamentos!$C$2:$C$1001,$A12,Lançamentos!$F$2:$F$1001,"Realizado",Lançamentos!$A$2:$A$1001,">="&DATE(Resumo!$B$3,4,1),Lançamentos!$A$2:$A$1001,"<"&DATE(Resumo!$B$3,5,1))) | G12: =IF($A12="","",SUMIFS(Lançamentos!$E$2:$E$1001,Lançamentos!$C$2:$C$1001,$A12,Lançamentos!$F$2:$F$1001,"Realizado",Lançamentos!$A$2:$A$1001,">="&DATE(Resumo!$B$3,5,1),Lançamentos!$A$2:$A$1001,"<"&DATE(Resumo!$B$3,6,1))) | H12: =IF($A12="","",SUMIFS(Lançamentos!$E$2:$E$1001,Lançamentos!$C$2:$C$1001,$A12,Lançamentos!$F$2:$F$1001,"Realizado",Lançamentos!$A$2:$A$1001,">="&DATE(Resumo!$B$3,6,1),Lançamentos!$A$2:$A$1001,"<"&DATE(Resumo!$B$3,7,1))) | I12: =IF($A12="","",SUMIFS(Lançamentos!$E$2:$E$1001,Lançamentos!$C$2:$C$1001,$A12,Lançamentos!$F$2:$F$1001,"Realizado",Lançamentos!$A$2:$A$1001,">="&DATE(Resumo!$B$3,7,1),Lançamentos!$A$2:$A$1001,"<"&DATE(Resumo!$B$3,8,1))) | J12: =IF($A12="","",SUMIFS(Lançamentos!$E$2:$E$1001,Lançamentos!$C$2:$C$1001,$A12,Lançamentos!$F$2:$F$1001,"Realizado",Lançamentos!$A$2:$A$1001,">="&DATE(Resumo!$B$3,8,1),Lançamentos!$A$2:$A$1001,"<"&DATE(Resumo!$B$3,9,1))) | K12: =IF($A12="","",SUMIFS(Lançamentos!$E$2:$E$1001,Lançamentos!$C$2:$C$1001,$A12,Lançamentos!$F$2:$F$1001,"Realizado",Lançamentos!$A$2:$A$1001,">="&DATE(Resumo!$B$3,9,1),Lançamentos!$A$2:$A$1001,"<"&DATE(Resumo!$B$3,10,1))) | L12: =IF($A12="","",SUMIFS(Lançamentos!$E$2:$E$1001,Lançamentos!$C$2:$C$1001,$A12,Lançamentos!$F$2:$F$1001,"Realizado",Lançamentos!$A$2:$A$1001,">="&DATE(Resumo!$B$3,10,1),Lançamentos!$A$2:$A$1001,"<"&DATE(Resumo!$B$3,11,1))) | M12: =IF($A12="","",SUMIFS(Lançamentos!$E$2:$E$1001,Lançamentos!$C$2:$C$1001,$A12,Lançamentos!$F$2:$F$1001,"Realizado",Lançamentos!$A$2:$A$1001,">="&DATE(Resumo!$B$3,11,1),Lançamentos!$A$2:$A$1001,"<"&DATE(Resumo!$B$3,12,1))) | N12: =IF($A12="","",SUMIFS(Lançamentos!$E$2:$E$1001,Lançamentos!$C$2:$C$1001,$A12,Lançamentos!$F$2:$F$1001,"Realizado",Lançamentos!$A$2:$A$1001,">="&DATE(Resumo!$B$3,12,1),Lançamentos!$A$2:$A$1001,"<"&DATE(Resumo!$B$3,13,1))) | O12: =IF($A12="","",SUM(C12:N12))
A13: =IF(Categorias!A12="","",Categorias!A12) | B13: =IF(Categorias!B12="","",Categorias!B12) | C13: =IF($A13="","",SUMIFS(Lançamentos!$E$2:$E$1001,Lançamentos!$C$2:$C$1001,$A13,Lançamentos!$F$2:$F$1001,"Realizado",Lançamentos!$A$2:$A$1001,">="&DATE(Resumo!$B$3,1,1),Lançamentos!$A$2:$A$1001,"<"&DATE(Resumo!$B$3,2,1))) | D13: =IF($A13="","",SUMIFS(Lançamentos!$E$2:$E$1001,Lançamentos!$C$2:$C$1001,$A13,Lançamentos!$F$2:$F$1001,"Realizado",Lançamentos!$A$2:$A$1001,">="&DATE(Resumo!$B$3,2,1),Lançamentos!$A$2:$A$1001,"<"&DATE(Resumo!$B$3,3,1))) | E13: =IF($A13="","",SUMIFS(Lançamentos!$E$2:$E$1001,Lançamentos!$C$2:$C$1001,$A13,Lançamentos!$F$2:$F$1001,"Realizado",Lançamentos!$A$2:$A$1001,">="&DATE(Resumo!$B$3,3,1),Lançamentos!$A$2:$A$1001,"<"&DATE(Resumo!$B$3,4,1))) | F13: =IF($A13="","",SUMIFS(Lançamentos!$E$2:$E$1001,Lançamentos!$C$2:$C$1001,$A13,Lançamentos!$F$2:$F$1001,"Realizado",Lançamentos!$A$2:$A$1001,">="&DATE(Resumo!$B$3,4,1),Lançamentos!$A$2:$A$1001,"<"&DATE(Resumo!$B$3,5,1))) | G13: =IF($A13="","",SUMIFS(Lançamentos!$E$2:$E$1001,Lançamentos!$C$2:$C$1001,$A13,Lançamentos!$F$2:$F$1001,"Realizado",Lançamentos!$A$2:$A$1001,">="&DATE(Resumo!$B$3,5,1),Lançamentos!$A$2:$A$1001,"<"&DATE(Resumo!$B$3,6,1))) | H13: =IF($A13="","",SUMIFS(Lançamentos!$E$2:$E$1001,Lançamentos!$C$2:$C$1001,$A13,Lançamentos!$F$2:$F$1001,"Realizado",Lançamentos!$A$2:$A$1001,">="&DATE(Resumo!$B$3,6,1),Lançamentos!$A$2:$A$1001,"<"&DATE(Resumo!$B$3,7,1))) | I13: =IF($A13="","",SUMIFS(Lançamentos!$E$2:$E$1001,Lançamentos!$C$2:$C$1001,$A13,Lançamentos!$F$2:$F$1001,"Realizado",Lançamentos!$A$2:$A$1001,">="&DATE(Resumo!$B$3,7,1),Lançamentos!$A$2:$A$1001,"<"&DATE(Resumo!$B$3,8,1))) | J13: =IF($A13="","",SUMIFS(Lançamentos!$E$2:$E$1001,Lançamentos!$C$2:$C$1001,$A13,Lançamentos!$F$2:$F$1001,"Realizado",Lançamentos!$A$2:$A$1001,">="&DATE(Resumo!$B$3,8,1),Lançamentos!$A$2:$A$1001,"<"&DATE(Resumo!$B$3,9,1))) | K13: =IF($A13="","",SUMIFS(Lançamentos!$E$2:$E$1001,Lançamentos!$C$2:$C$1001,$A13,Lançamentos!$F$2:$F$1001,"Realizado",Lançamentos!$A$2:$A$1001,">="&DATE(Resumo!$B$3,9,1),Lançamentos!$A$2:$A$1001,"<"&DATE(Resumo!$B$3,10,1))) | L13: =IF($A13="","",SUMIFS(Lançamentos!$E$2:$E$1001,Lançamentos!$C$2:$C$1001,$A13,Lançamentos!$F$2:$F$1001,"Realizado",Lançamentos!$A$2:$A$1001,">="&DATE(Resumo!$B$3,10,1),Lançamentos!$A$2:$A$1001,"<"&DATE(Resumo!$B$3,11,1))) | M13: =IF($A13="","",SUMIFS(Lançamentos!$E$2:$E$1001,Lançamentos!$C$2:$C$1001,$A13,Lançamentos!$F$2:$F$1001,"Realizado",Lançamentos!$A$2:$A$1001,">="&DATE(Resumo!$B$3,11,1),Lançamentos!$A$2:$A$1001,"<"&DATE(Resumo!$B$3,12,1))) | N13: =IF($A13="","",SUMIFS(Lançamentos!$E$2:$E$1001,Lançamentos!$C$2:$C$1001,$A13,Lançamentos!$F$2:$F$1001,"Realizado",Lançamentos!$A$2:$A$1001,">="&DATE(Resumo!$B$3,12,1),Lançamentos!$A$2:$A$1001,"<"&DATE(Resumo!$B$3,13,1))) | O13: =IF($A13="","",SUM(C13:N13))
A14: =IF(Categorias!A13="","",Categorias!A13) | B14: =IF(Categorias!B13="","",Categorias!B13) | C14: =IF($A14="","",SUMIFS(Lançamentos!$E$2:$E$1001,Lançamentos!$C$2:$C$1001,$A14,Lançamentos!$F$2:$F$1001,"Realizado",Lançamentos!$A$2:$A$1001,">="&DATE(Resumo!$B$3,1,1),Lançamentos!$A$2:$A$1001,"<"&DATE(Resumo!$B$3,2,1))) | D14: =IF($A14="","",SUMIFS(Lançamentos!$E$2:$E$1001,Lançamentos!$C$2:$C$1001,$A14,Lançamentos!$F$2:$F$1001,"Realizado",Lançamentos!$A$2:$A$1001,">="&DATE(Resumo!$B$3,2,1),Lançamentos!$A$2:$A$1001,"<"&DATE(Resumo!$B$3,3,1))) | E14: =IF($A14="","",SUMIFS(Lançamentos!$E$2:$E$1001,Lançamentos!$C$2:$C$1001,$A14,Lançamentos!$F$2:$F$1001,"Realizado",Lançamentos!$A$2:$A$1001,">="&DATE(Resumo!$B$3,3,1),Lançamentos!$A$2:$A$1001,"<"&DATE(Resumo!$B$3,4,1))) | F14: =IF($A14="","",SUMIFS(Lançamentos!$E$2:$E$1001,Lançamentos!$C$2:$C$1001,$A14,Lançamentos!$F$2:$F$1001,"Realizado",Lançamentos!$A$2:$A$1001,">="&DATE(Resumo!$B$3,4,1),Lançamentos!$A$2:$A$1001,"<"&DATE(Resumo!$B$3,5,1))) | G14: =IF($A14="","",SUMIFS(Lançamentos!$E$2:$E$1001,Lançamentos!$C$2:$C$1001,$A14,Lançamentos!$F$2:$F$1001,"Realizado",Lançamentos!$A$2:$A$1001,">="&DATE(Resumo!$B$3,5,1),Lançamentos!$A$2:$A$1001,"<"&DATE(Resumo!$B$3,6,1))) | H14: =IF($A14="","",SUMIFS(Lançamentos!$E$2:$E$1001,Lançamentos!$C$2:$C$1001,$A14,Lançamentos!$F$2:$F$1001,"Realizado",Lançamentos!$A$2:$A$1001,">="&DATE(Resumo!$B$3,6,1),Lançamentos!$A$2:$A$1001,"<"&DATE(Resumo!$B$3,7,1))) | I14: =IF($A14="","",SUMIFS(Lançamentos!$E$2:$E$1001,Lançamentos!$C$2:$C$1001,$A14,Lançamentos!$F$2:$F$1001,"Realizado",Lançamentos!$A$2:$A$1001,">="&DATE(Resumo!$B$3,7,1),Lançamentos!$A$2:$A$1001,"<"&DATE(Resumo!$B$3,8,1))) | J14: =IF($A14="","",SUMIFS(Lançamentos!$E$2:$E$1001,Lançamentos!$C$2:$C$1001,$A14,Lançamentos!$F$2:$F$1001,"Realizado",Lançamentos!$A$2:$A$1001,">="&DATE(Resumo!$B$3,8,1),Lançamentos!$A$2:$A$1001,"<"&DATE(Resumo!$B$3,9,1))) | K14: =IF($A14="","",SUMIFS(Lançamentos!$E$2:$E$1001,Lançamentos!$C$2:$C$1001,$A14,Lançamentos!$F$2:$F$1001,"Realizado",Lançamentos!$A$2:$A$1001,">="&DATE(Resumo!$B$3,9,1),Lançamentos!$A$2:$A$1001,"<"&DATE(Resumo!$B$3,10,1))) | L14: =IF($A14="","",SUMIFS(Lançamentos!$E$2:$E$1001,Lançamentos!$C$2:$C$1001,$A14,Lançamentos!$F$2:$F$1001,"Realizado",Lançamentos!$A$2:$A$1001,">="&DATE(Resumo!$B$3,10,1),Lançamentos!$A$2:$A$1001,"<"&DATE(Resumo!$B$3,11,1))) | M14: =IF($A14="","",SUMIFS(Lançamentos!$E$2:$E$1001,Lançamentos!$C$2:$C$1001,$A14,Lançamentos!$F$2:$F$1001,"Realizado",Lançamentos!$A$2:$A$1001,">="&DATE(Resumo!$B$3,11,1),Lançamentos!$A$2:$A$1001,"<"&DATE(Resumo!$B$3,12,1))) | N14: =IF($A14="","",SUMIFS(Lançamentos!$E$2:$E$1001,Lançamentos!$C$2:$C$1001,$A14,Lançamentos!$F$2:$F$1001,"Realizado",Lançamentos!$A$2:$A$1001,">="&DATE(Resumo!$B$3,12,1),Lançamentos!$A$2:$A$1001,"<"&DATE(Resumo!$B$3,13,1))) | O14: =IF($A14="","",SUM(C14:N14))
... A32: =IF(Categorias!A31="","",Categorias!A31) | B32: =IF(Categorias!B31="","",Categorias!B31) | C32: =IF($A32="","",SUMIFS(Lançamentos!$E$2:$E$1001,Lançamentos!$C$2:$C$1001,$A32,Lançamentos!$F$2:$F$1001,"Realizado",Lançamentos!$A$2:$A$1001,">="&DATE(Resumo!$B$3,1,1),Lançamentos!$A$2:$A$1001,"<"&DATE(Resumo!$B$3,2,1))) | D32: =IF($A32="","",SUMIFS(Lançamentos!$E$2:$E$1001,Lançamentos!$C$2:$C$1001,$A32,Lançamentos!$F$2:$F$1001,"Realizado",Lançamentos!$A$2:$A$1001,">="&DATE(Resumo!$B$3,2,1),Lançamentos!$A$2:$A$1001,"<"&DATE(Resumo!$B$3,3,1))) | E32: =IF($A32="","",SUMIFS(Lançamentos!$E$2:$E$1001,Lançamentos!$C$2:$C$1001,$A32,Lançamentos!$F$2:$F$1001,"Realizado",Lançamentos!$A$2:$A$1001,">="&DATE(Resumo!$B$3,3,1),Lançamentos!$A$2:$A$1001,"<"&DATE(Resumo!$B$3,4,1))) | F32: =IF($A32="","",SUMIFS(Lançamentos!$E$2:$E$1001,Lançamentos!$C$2:$C$1001,$A32,Lançamentos!$F$2:$F$1001,"Realizado",Lançamentos!$A$2:$A$1001,">="&DATE(Resumo!$B$3,4,1),Lançamentos!$A$2:$A$1001,"<"&DATE(Resumo!$B$3,5,1))) | G32: =IF($A32="","",SUMIFS(Lançamentos!$E$2:$E$1001,Lançamentos!$C$2:$C$1001,$A32,Lançamentos!$F$2:$F$1001,"Realizado",Lançamentos!$A$2:$A$1001,">="&DATE(Resumo!$B$3,5,1),Lançamentos!$A$2:$A$1001,"<"&DATE(Resumo!$B$3,6,1))) | H32: =IF($A32="","",SUMIFS(Lançamentos!$E$2:$E$1001,Lançamentos!$C$2:$C$1001,$A32,Lançamentos!$F$2:$F$1001,"Realizado",Lançamentos!$A$2:$A$1001,">="&DATE(Resumo!$B$3,6,1),Lançamentos!$A$2:$A$1001,"<"&DATE(Resumo!$B$3,7,1))) | I32: =IF($A32="","",SUMIFS(Lançamentos!$E$2:$E$1001,Lançamentos!$C$2:$C$1001,$A32,Lançamentos!$F$2:$F$1001,"Realizado",Lançamentos!$A$2:$A$1001,">="&DATE(Resumo!$B$3,7,1),Lançamentos!$A$2:$A$1001,"<"&DATE(Resumo!$B$3,8,1))) | J32: =IF($A32="","",SUMIFS(Lançamentos!$E$2:$E$1001,Lançamentos!$C$2:$C$1001,$A32,Lançamentos!$F$2:$F$1001,"Realizado",Lançamentos!$A$2:$A$1001,">="&DATE(Resumo!$B$3,8,1),Lançamentos!$A$2:$A$1001,"<"&DATE(Resumo!$B$3,9,1))) | K32: =IF($A32="","",SUMIFS(Lançamentos!$E$2:$E$1001,Lançamentos!$C$2:$C$1001,$A32,Lançamentos!$F$2:$F$1001,"Realizado",Lançamentos!$A$2:$A$1001,">="&DATE(Resumo!$B$3,9,1),Lançamentos!$A$2:$A$1001,"<"&DATE(Resumo!$B$3,10,1))) | L32: =IF($A32="","",SUMIFS(Lançamentos!$E$2:$E$1001,Lançamentos!$C$2:$C$1001,$A32,Lançamentos!$F$2:$F$1001,"Realizado",Lançamentos!$A$2:$A$1001,">="&DATE(Resumo!$B$3,10,1),Lançamentos!$A$2:$A$1001,"<"&DATE(Resumo!$B$3,11,1))) | M32: =IF($A32="","",SUMIFS(Lançamentos!$E$2:$E$1001,Lançamentos!$C$2:$C$1001,$A32,Lançamentos!$F$2:$F$1001,"Realizado",Lançamentos!$A$2:$A$1001,">="&DATE(Resumo!$B$3,11,1),Lançamentos!$A$2:$A$1001,"<"&DATE(Resumo!$B$3,12,1))) | N32: =IF($A32="","",SUMIFS(Lançamentos!$E$2:$E$1001,Lançamentos!$C$2:$C$1001,$A32,Lançamentos!$F$2:$F$1001,"Realizado",Lançamentos!$A$2:$A$1001,">="&DATE(Resumo!$B$3,12,1),Lançamentos!$A$2:$A$1001,"<"&DATE(Resumo!$B$3,13,1))) | O32: =IF($A32="","",SUM(C32:N32))

Sheet Lançamentos
A1: Data | B1: Descrição | C1: Categoria | D1: Tipo | E1: Valor (R$) | F1: Situação | G1: Valor no caixa (R$)
A2: 46025 | B2: Venda balcão | C2: Vendas à vista | D2: Entrada | E2: 1200 | F2: Realizado | G2: =IF(OR(E2="",D2=""),"",IF(D2="Entrada",E2,-E2))
A3: 46027 | B3: Compra de mercadoria | C3: Fornecedores e compras | D3: Saída | E3: 2800 | F3: Realizado | G3: =IF(OR(E3="",D3=""),"",IF(D3="Entrada",E3,-E3))
A4: 46032 | B4: Aluguel da loja | C4: Aluguel | D4: Saída | E4: 1500 | F4: Realizado | G4: =IF(OR(E4="",D4=""),"",IF(D4="Entrada",E4,-E4))
A5: 46034 | B5: Tarifa da maquininha | C5: Tarifas de banco e maquininha | D5: Saída | E5: 86.4 | F5: Realizado | G5: =IF(OR(E5="",D5=""),"",IF(D5="Entrada",E5,-E5))
A6: 46037 | B6: Parcela 1/3 cliente Silva | C6: Recebimento de parcelas | D6: Entrada | E6: 900 | F6: Realizado | G6: =IF(OR(E6="",D6=""),"",IF(D6="Entrada",E6,-E6))
A7: 46042 | B7: Salários | C7: Salários e encargos | D7: Saída | E7: 3000 | F7: Previsto | G7: =IF(OR(E7="",D7=""),"",IF(D7="Entrada",E7,-E7))
A8: 46068 | B8: Parcela 2/3 cliente Silva | C8: Recebimento de parcelas | D8: Entrada | E8: 900 | F8: Previsto | G8: =IF(OR(E8="",D8=""),"",IF(D8="Entrada",E8,-E8))
G9: =IF(OR(E9="",D9=""),"",IF(D9="Entrada",E9,-E9))
G10: =IF(OR(E10="",D10=""),"",IF(D10="Entrada",E10,-E10))
G11: =IF(OR(E11="",D11=""),"",IF(D11="Entrada",E11,-E11))
G12: =IF(OR(E12="",D12=""),"",IF(D12="Entrada",E12,-E12))
G13: =IF(OR(E13="",D13=""),"",IF(D13="Entrada",E13,-E13))
G14: =IF(OR(E14="",D14=""),"",IF(D14="Entrada",E14,-E14))
G15: =IF(OR(E15="",D15=""),"",IF(D15="Entrada",E15,-E15))
G16: =IF(OR(E16="",D16=""),"",IF(D16="Entrada",E16,-E16))
G17: =IF(OR(E17="",D17=""),"",IF(D17="Entrada",E17,-E17))
G18: =IF(OR(E18="",D18=""),"",IF(D18="Entrada",E18,-E18))
G19: =IF(OR(E19="",D19=""),"",IF(D19="Entrada",E19,-E19))
G20: =IF(OR(E20="",D20=""),"",IF(D20="Entrada",E20,-E20))
... G1001: =IF(OR(E1001="",D1001=""),"",IF(D1001="Entrada",E1001,-E1001))

Sheet Categorias
A1: Categoria | B1: Tipo | D1: Até 30 categorias. Escreva o nome e escolha Entrada ou Saída.
A2: Vendas à vista | B2: Entrada
A3: Recebimento de parcelas | B3: Entrada
A4: Serviços prestados | B4: Entrada
A5: Outras entradas | B5: Entrada
A6: Fornecedores e compras | B6: Saída
A7: Aluguel | B7: Saída
A8: Salários e encargos | B8: Saída
A9: Pró-labore | B9: Saída
A10: Impostos | B10: Saída
A11: Água, luz e internet | B11: Saída
A12: Tarifas de banco e maquininha | B12: Saída
A13: Marketing | B13: Saída
... A16: Outras saídas | B16: Saída
